 Seeded DCSS version 0.30.0-5-g1a98f26d00 (webtiles) character file.

Game seed: 13576719084110829696 (custom seed)

375 Mickster the Chopper (level 6, -17/56 HPs)
             Began as a Hill Orc Berserker on May 8, 2023.
             Was a Believer of Trog.
             Demolished by an ogre
             ... wielding a +0 giant spiked club
              (21 damage)
             ... on level 4 of the Dungeon.
             The game lasted 00:22:48 (3786 turns).

Mickster the Chopper (Hill Orc Berserker)           Turns: 3786, Time: 00:22:49

Health: -17/56     AC:  7    Str: 22    XL:     6   Next: 73%
Magic:  6/6        EV: 10    Int:  7    God:    Trog [**....]
Gold:   201        SH:  0    Dex: 10    Spells: 5/5 levels left

rFire   . . .        a - +0 hand axe
rCold   . . .        (no shield)
rNeg    . . .        g - +0 scale mail
rPois   .            (no helmet)
rElec   .            (no cloak)
rCorr   .            (no gloves)
SInv    .            (no boots)
Will    .....        o - amulet of magic regeneration Stlth
                     (no ring)
HPRegen 0.29/turn    (no ring)
MPRegen 0.50/turn

%: no passive effects
@: no status effects
A: no striking features
a: Renounce Religion, Berserk, Trog's Hand


You were on level 4 of the Dungeon.
You worshipped Trog.
Trog was pleased with you.
You visited 1 branch of the dungeon, and saw 4 of its levels.
You also visited: Sewer.

You collected 201 gold pieces.

Inventory:

Hand Weapons
 a - a +0 hand axe (weapon)
 c - a +0 dagger of venom
 k - a +0 shortbow
 l - a +3 whip of flaming
Missiles
 b - 8 poisoned darts (quivered)
 d - 4 javelins
 e - 10 stones
Armour
 g - a +0 scale mail (worn)
Jewellery
 j - the amulet of the King {+Blink Regen+ Str-2 Dex-3 SInv}
   (You took it off an orc on level 4 of the Dungeon)

   [amulet of regeneration]

   Str:       It affects your strength (-2).
   Dex:       It affects your dexterity (-3).
   SInv:      It lets you see invisible.
   +Blink:    It lets you blink.
   Regen:     It increases your rate of health regeneration.
 o - an amulet of magic regeneration (around neck)
Wands
 i - a wand of paralysis (7)
Scrolls
 m - a scroll of fog
 p - a scroll of identify
Potions
 f - a potion of cancellation
 h - a potion of might


   Skills:
 + Level 5.1 Fighting
 * Level 6.7 Axes
 + Level 4.0 Armour
 + Level 2.6 Dodging
 + Level 0.8 Stealth


You had 5 spell levels left.
You didn't know any spells.
Your spell library was empty.

Dungeon Overview and Level Annotations

Branches:
Dungeon (4/15)              Sewer (visited)
 Temple: D:4-7

Altars:
Cheibriados
Fedhas
Makhleb
Okawaru
Qazlal
Ru
Uskayaw
Wu Jian
The Shining One


Message History

There is a burning altar of Makhleb here.
You see here a +0 shortbow.
k - a +0 shortbow
Found three altars.
You see here a +0 halberd.
There is a blossoming altar of Fedhas here.
You see here a +0 halberd.
Found a snail-covered altar of Cheibriados.
n - a scroll labelled AVVYFI LYTERILLEIM
There are no items here.
As you read the scroll labelled AVVYFI LYTERILLEIM, it crumbles to dust.
Magic quickly surges around you.
It was a scroll of vulnerability.
You start waiting.
You feel your willpower return.
Found a glowing golden altar of the Shining One.
There is an iron altar of Okawaru here.
There is an iron altar of Okawaru here.
There is a hide-covered altar of Uskayaw here.
An ogre comes into view. It is wielding a +0 giant spiked club.
The ogre shouts!
You barely miss the ogre.
The ogre hits you with a +0 giant spiked club!!
You slash the ogre!
The ogre is moderately wounded.
The ogre hits you with a +0 giant spiked club!
You hit the ogre.
The ogre is moderately wounded.
You slash the ogre!
The ogre is heavily wounded.
The ogre barely misses you.
You barely miss the ogre.
The ogre is heavily wounded.
The ogre hits you with a +0 giant spiked club!!
* * * LOW HITPOINT WARNING * * *
You slash the ogre!
The ogre is severely wounded.
You closely miss the ogre.
The ogre is severely wounded.
The ogre hits you with a +0 giant spiked club!!
You die...

#..........#######.#
#..###
#...#####..##......#
##.... #..#.#
#.#....###### ##### #.
.#.#.#.#...## # #
#.#.#.##....###### #
#.#)# #.........# #
####
#.#.#.##.........#..
.^..
#.#.#.#.#...........#
#..# .#.#
#.#O@.#......###... .#
#...##..........#.
.......#..#......###...
.#.#.####.....#......#
.....#.............##
###..................#
#..................###
#.##.<................
#..................


You could see an ogre.

Vanquished Creatures
  An ogre (D:3)
  A scorpion (D:4)
  A jelly (D:4)
  7 gnolls (D:4)
  4 adders
  3 river rats
  A dart slug (D:1)
  3 orcs
  2 bats (D:1)
  7 endoplasms
  2 giant cockroaches
  9 goblins
  8 hobgoblins
  2 quokkas
  10 ball pythons
  2 frilled lizards (D:1)
  6 kobolds
  9 rats
78 creatures vanquished.

Notes
Turn   | Place    | Note
-------+----------+-------------------------------------------
     0 | D:1      | Mickster the Hill Orc Berserker began the quest for the
                  | Orb.
     0 | D:1      | Reached XP level 1. HP: 19/19 MP: 1/1
    52 | D:1      | Reached XP level 2. HP: 23/27 MP: 2/2
   388 | D:1      | Found a faded altar of an unknown god.
   487 | D:1      | Reached XP level 3. HP: 29/33 MP: 3/3
   699 | D:2      | Found a sacrificial altar of Ru.
   844 | D:2      | Reached skill level 5 in Axes
   860 | D:2      | Reached ** piety under Trog
   933 | D:2      | Reached XP level 4. HP: 20/40 MP: 4/4
  1609 | D:3      | Found a glowing drain.
  1810 | Sewer    | Entered a sewer
  2415 | D:3      | Reached XP level 5. HP: 33/47 MP: 5/5
  2599 | D:3      | Noticed an ogre
  2606 | D:3      | Killed an ogre
  2663 | D:3      | Reached skill level 6 in Axes
  3048 | D:4      | Reached XP level 6. HP: 40/55 MP: 6/6
  3246 | D:4      | Identified the amulet of the King {+Blink Regen+ Str-2
                  | Dex-3 SInv}
  3425 | D:4      | Reached skill level 5 in Fighting
  3660 | D:4      | Found a burning altar of Makhleb.
  3661 | D:4      | Found a blossoming altar of Fedhas.
  3663 | D:4      | Found an ornate altar of the Wu Jian Council.
  3676 | D:4      | Found an iron altar of Okawaru.
  3676 | D:4      | Found a hide-covered altar of Uskayaw.
  3676 | D:4      | Found a stormy altar of Qazlal.
  3681 | D:4      | Found a snail-covered altar of Cheibriados.
  3726 | D:4      | Found a glowing golden altar of the Shining One.
  3786 | D:4      | Demolished by an ogre

Illustrated notes

Levels and vault maps discovered:
D:1:      ldierk_walled_garden_2, layout_loops_ring,
          ebering_ecumenical_altar_webs
D:2:      layout_loops_ring, basic_altar, ebering_dispersal_statue_hall
D:3:      layout_basic, portal_sewer_entry_e
D:4:      layout_rooms, minitemple, minmay_circle_x

Skill      XL: |  1  2  3  4  5  6 |
---------------+-------------------+-----
Fighting       | 4 5 |  5.1
Axes           | 5 6 |  6.7
Dodging        | 2 |  2.6
Armour         | 3 4 |  4.0
Stealth        | |  0.8

Action                     |  1- 3 |  4- 6 || total
---------------------------+-------+-------++-------
  Melee: Hand axe          |    99 |   184 ||   283
         Punch             |     1 |     2 ||     3
 Invoke: Berserk           |       |     5 ||     5
         Trog's Hand       |       |     2 ||     2
    Use: Scroll            |     2 |     8 ||    10
         Potion            |     2 |     1 ||     3
 Armour: Animal skin       |    10 |       ||    10
         Ring mail         |    18 |    44 ||    62
         Scale mail        |       |    17 ||    17
  Dodge: Dodged            |    65 |   111 ||   176
